 Dungeon Crawl Stone Soup version 0.18.1-1-g2f07953 (webtiles) character file.

557 Gorfmaster the Basher (level 7, 0/70 HPs)
             Began as an Ogre Berserker on Oct 10, 2016.
             Was a Priest of Trog.
             Slain by an ice beast (14 damage)
             ... on level 5 of the Dungeon.
             The game lasted 00:17:35 (3790 turns).

Gorfmaster the Basher (Ogre Berserker)              Turns: 3790, Time: 00:17:35

Health: 0/70       AC:  3    Str: 25    XL:     7   Next: 30%
Magic:  7/7        EV: 10    Int:  6    God:    Trog [***...]
Gold:   274        SH:  0    Dex:  9    Spells: 0 memorised, 6 levels left

rFire  . . .     SeeInvis .     k - +1 flail
rCold  . . .     Gourm    .     b - +0 animal skin
rNeg   . . .     Faith    .     (no shield)
rPois  .         Spirit   .     (helmet restricted)
rElec  .         Dismiss  .     (no cloak)
rCorr  .         Reflect  .     (gloves unavailable)
SustAt .         Harm     .     (boots unavailable)
MR     .....                    (no amulet)
Stlth  +.........               (no ring)
                                (no ring)

@: not resistant to hostile enchantments, very unstealthy
A: unfitting armour, tough skin 1
a: Berserk, Trog's Hand, Burn Spellbooks, Renounce Religion


You were on level 5 of the Dungeon.
You worshipped Trog.
Trog was most pleased with you.
You were not hungry.

You visited 1 branch of the dungeon, and saw 5 of its levels.
You also visited: Sewer.

You collected 274 gold pieces.

Inventory:

Hand Weapons
 k - a +1 flail (weapon)
Missiles
 s - 5 large rocks (quivered)
Armour
 b - a +0 animal skin (worn)
Wands
 q - a wand of teleportation (2/9)
 r - a wand of disintegration (6/24)
Scrolls
 t - 3 scrolls of teleportation
Potions
 a - a potion of agility
 d - a potion of curing
 e - a potion of might
 f - a potion of heal wounds {unknown}
 g - 5 potions of haste
 m - a potion of berserk rage
 n - a potion of brilliance
 p - a potion of mutation {unknown}
 u - a potion of magic {unknown}
Comestibles
 c - 6 bread rations
 h - 4 meat rations
 i - a beef jerky
 j - a slice of pizza
 l - 5 fruits
 o - 6 chunks of flesh


   Skills:
 - Level 4.0 Fighting
 + Level 10.6 Maces & Flails
 - Level 2.6 Dodging


You had 6 spell levels left.
You didn't know any spells.

Dungeon Overview and Level Annotations

Branches:
Dungeon (5/15)
 Temple: D:4-7

Altars:
Fedhas
Gozag
Ru


Innate Abilities, Weirdness & Mutations

You are too large for most types of armour.
You have tough skin (AC +1).


Message History

The giant frog zombie hits you but does no damage.
You barely miss the giant frog zombie. The giant frog zombie hits you.
You sock the giant frog zombie!
You destroy the giant frog zombie!
You sock the ice beast!
The ice beast is heavily wounded.
The ice beast hits you. The ice beast freezes you!
You sock the ice beast!
The ice beast is severely wounded.
The ice beast hits you. The ice beast freezes you.
* * * LOW HITPOINT WARNING * * *
You are too injured to fight recklessly!
You barely miss the ice beast.
The ice beast is severely wounded.
You hit the ice beast but do no damage.
The ice beast is severely wounded.
The ice beast hits you.
* * * LOW HITPOINT WARNING * * *
The ice beast freezes you!
You die...

..#######+###...##...#
...........##...##...#
#..)....##...##...#
#...<....#........#
#........#........#
+.())....#........#
#........#..Z.....#
###.....####Y##...#
##.[...####@####'#
..................#
..................#
..................#
..................#
..#.##.......##...#
#### ###.P..P######
#.....# #....P#


You could see an ice beast and a giant gecko zombie.

Vanquished Creatures
  A big kobold (Sewer)
  2 crimson imps
  A giant frog zombie (D:5)
  An orc priest (D:5)
  A centaur skeleton (D:5)
  A giant frog skeleton (D:4)
  A worker ant (D:4)
  2 orc wizards
  A gnoll (D:1)
  7 adders
  2 river rats (Sewer)
  An ooze (Sewer)
  An adder zombie (D:5)
  2 worms (D:4)
  5 dart slugs
  3 giant geckos
  9 orcs
  4 giant cockroaches
  7 goblins
  3 hobgoblins
  6 jackals
  17 kobolds
  4 quokkas
  3 ball pythons (Sewer)
  11 bats
  A giant gecko skeleton (D:4)
  3 giant newts
  A quokka skeleton (D:4)
  A quokka zombie (D:5)
  9 rats
111 creatures vanquished.

Notes
Turn   | Place    | Note
--------------------------------------------------------------
     0 | D:1      | Gorfmaster the Ogre Berserker began the quest for the Orb.
     0 | D:1      | Reached XP level 1. HP: 24/24 MP: 1/1
   162 | D:1      | Reached XP level 2. HP: 30/32 MP: 2/2
   222 | D:1      | Reached skill level 5 in Maces & Flails
   455 | D:1      | Reached XP level 3. HP: 21/39 MP: 3/3
  1025 | D:2      | Reached ** piety under Trog
  1078 | D:2      | Reached skill level 6 in Maces & Flails
  1153 | D:2      | Found a blossoming altar of Fedhas.
  1388 | D:2      | Reached XP level 4. HP: 48/48 MP: 4/4
  1550 | D:3      | Found an opulent altar of Gozag.
  1827 | D:3      | Reached skill level 7 in Maces & Flails
  1954 | D:3      | Found a sacrificial altar of Ru.
  2198 | D:4      | Reached XP level 5. HP: 50/54 MP: 5/5
  2509 | D:4      | Reached skill level 8 in Maces & Flails
  2720 | D:4      | Reached *** piety under Trog
  2751 | D:4      | Found a glowing drain.
  2771 | Sewer    | Entered a sewer
  2868 | Sewer    | Reached XP level 6. HP: 53/62 MP: 6/6
  3028 | Sewer    | Reached skill level 9 in Maces & Flails
  3414 | D:5      | Entered Level 5 of the Dungeon
  3448 | D:4      | Reached XP level 7. HP: 48/70 MP: 7/7
  3449 | D:4      | Reached skill level 10 in Maces & Flails
  3790 | D:5      | Slain by an ice beast

Skill      XL: |  1  2  3  4  5  6  7 |
---------------+----------------------+-----
Maces & Flails | 5 6 7 8 9 10 | 10.6
Fighting       | |  4.0
Dodging        | |  2.6

Action                   |  1- 3 |  4- 6 |  7- 9 || total
-------------------------+-------+-------+-------++-------
Melee: Mace              |    45 |       |       ||    45
       Flail             |    60 |   251 |    30 ||   341
Invok: Trog's Hand       |       |     1 |       ||     1
  Use: Scroll            |     6 |    10 |       ||    16
  Eat: Chunk             |     2 |     7 |     1 ||    10
Armor: Animal skin       |    39 |    51 |     9 ||    99
Dodge: Dodged            |    63 |   125 |    17 ||   205
